 Dungeon Crawl Stone Soup version 0.21.1-1-g345015f (webtiles) character file.

97 aMcNicky the Chiller (level 4, -2/37 HPs)
             Began as a Draconian Ice Elementalist on Mar 22, 2018.
             Slain by an orc wizard
             ... wielding a +0 dagger
              (4 damage)
             ... on level 3 of the Dungeon.
             The game lasted 00:13:12 (2990 turns).

aMcNicky the Chiller (Draconian Ice Elementalist)   Turns: 2990, Time: 00:13:12

Health: -2/37      AC:  5    Str: 10    XL:     4   Next: 42%
Magic:  1/8        EV: 12    Int: 22    God:
Gold:   53         SH:  0    Dex: 11    Spells: 3/8 levels left

rFire    . . .     SeeInvis .   d - +0 dagger
rCold    . . .     Gourm    .   (no shield)
rNeg     . . .     Faith    .   (armour unavailable)
rPois    .         Spirit   .   (helmet restricted)
rElec    .         Reflect  .   (no cloak)
rCorr    .         Harm     .   (no gloves)
MR       .....                  (no boots)
Stlth    ++........             (no amulet)
HPRegen  0.12/turn              (no ring)
MPRegen  0.11/turn              (no ring)

@: brilliant, very slightly contaminated, hasted and slowed
A: unfitting armour, cold-blooded, AC +5
a: no special abilities


You were on level 3 of the Dungeon.
You were hungry.

You visited 1 branch of the dungeon, and saw 3 of its levels.

You collected 53 gold pieces.

Inventory:

Hand Weapons
 d - a +0 dagger (weapon)
Missiles
 j - 61 stones (quivered)
Jewellery
 k - a cursed -3 ring of protection {unknown}
Scrolls
 e - 2 scrolls of identify {unknown}
 g - a scroll of immolation {unknown}
 i - 3 scrolls of teleportation {unknown}
 n - a scroll of amnesia {unknown}
 q - a scroll of enchant weapon {unknown}
Potions
 c - a potion of brilliance
 f - a potion of lignification {unknown}
 h - a potion of mutation {unknown}
 l - 2 potions of degeneration {unknown}
 m - 2 potions of haste
 p - a potion of curing {unknown}
Books
 a - a book of Frost

   Spells                             Type                      Level
   a - Freeze                         Ice                          1
   b - Throw Frost                    Conjuration/Ice              2
   c - Ozocubu's Armour               Charms/Ice                   3
   d - Throw Icicle                   Conjuration/Ice              4
   e - Summon Ice Beast               Ice/Summoning                4
Comestibles
 b - 2 rations


   Skills:
 + Level 2.4 Fighting
 - Level 1.7 Dodging
 - Level 1.7 Stealth
 + Level 2.9 Spellcasting
 - Level 1.0 Conjurations
 * Level 3.9 Ice Magic


You had 3 spell levels left.
You knew the following spells:

 Your Spells              Type           Power        Failure   Level  Hunger
a - Freeze                Ice            ####         1%          1    None
b - Throw Icicle          Conj/Ice       ####....     5%          4    ####...


Dungeon Overview and Level Annotations

Branches:
Dungeon (3/15)

Altars:

Annotations:
D:2 1 runed door


Innate Abilities, Weirdness & Mutations

Your plain brown scales are hard. (AC +5)
You cannot fit into any form of body armour.
You are cold-blooded and may be slowed by cold attacks.


Message History

The orc wizard barely misses you. The orc wizard hits you with a dagger.
* * * LOW HITPOINT WARNING * * *
Something hits you.
* * * LOW HITPOINT WARNING * * *
Okay, then.
Okay, then.
It was a potion of haste.
You feel yourself speed up. The orc wizard barely misses you.
The orc wizard hits you with a dagger.
* * * LOW HITPOINT WARNING * * *
Something hits you but does no damage.
You closely miss the orc wizard.
The orc wizard is severely wounded.
The orc wizard mumbles some strange words.
The orc wizard blinks!
Something hits you but does no damage.
The orc wizard mumbles some strange words.
The orc wizard blinks!
It was a potion of brilliance.
You feel clever all of a sudden. Something hits you.
You die...

. #####.##..# o##
#######.....# ..
#...........# .o
#...........# #.
#...........#
#.####...........#
##o#).'...........#
#.....#..........>#
#...)@+...........#
#....ยง#...........#
#.....'.#+#########
#.....#.# #.....#.#
#.....#.# #.....#.#
#######.# #.#


You could see an orc wizard.

Vanquished Creatures
  4 adders (D:2)
  5 worms (D:2)
  2 dart slugs (D:1)
  2 leopard geckos
  2 orcs (D:3)
  3 giant cockroaches
  3 goblins
  6 hobgoblins
  3 bats
  6 kobolds
  2 rats
38 creatures vanquished.

Notes
Turn   | Place    | Note
-------+----------+-------------------------------------------
     0 | D:1      | aMcNicky the Draconian Ice Elementalist began the quest for the Orb.
     0 | D:1      | Reached XP level 1. HP: 14/14 MP: 3/3
   258 | D:1      | Reached skill level 1 in Fighting
   258 | D:1      | Reached XP level 2. HP: 20/23 MP: 0/5
  1262 | D:2      | Reached XP level 3. HP: 19/28 MP: 0/6
  2028 | D:2      | Reached XP level 4. HP: 29/36 MP: 3/8
  2498 | D:2      | Found a runed door.
  2949 | D:3      | Learned a level 4 spell: Throw Icicle
  2990 | D:3      | Slain by an orc wizard

Skill      XL: |  1  2  3 |
---------------+----------+-----
Fighting       | 1 2 |  2.4
Dodging        | |  1.7
Stealth        | |  1.7
Spellcasting   | |  2.9
Conjurations   | |  1.0
Ice Magic      | |  3.9

Action                   |  1- 3 |  4- 6 || total
-------------------------+-------+-------++-------
Melee: Dagger            |    33 |     3 ||    36
       Tailslap          |     6 |       ||     6
Throw: Stone             |    50 |    23 ||    73
 Cast: Freeze            |    60 |    27 ||    87
  Use: Potion            |       |     2 ||     2
  Eat: Chunk             |     2 |     1 ||     3
       Ration            |     1 |       ||     1
Armor: Skin              |    25 |     6 ||    31
Dodge: Dodged            |    40 |     8 ||    48
